Map: Heavy Artillery LE

Players

Ekelpack - Winner!

  • Race: Zerg Zerg
  • Spawn Location: 3:00

Nyck - Winner!

  • Race: Terran Terran
  • League: Silver
  • Spawn Location: 1:00

Darkwolf

  • Race: Protoss Protoss
  • League: Platinum
  • Spawn Location: 7:00

Laser

  • Race: Protoss Protoss
  • Spawn Location: 7:00

VOD

Have the link to the VOD?

Description

Time

  • Played on: Oct. 29, 2024, 1:31 p.m.
  • Length: 17:19
Show
View Real Time Build Order
Export as new Build Order

Ekelpack Zerg - Winner!

Build Orders: Hatch First 

Get SALT Encoding   

  12  0:00  Drone  
  13  0:12  Overlord  
  13  0:17  Drone  
  14  0:31  Drone  
  15  0:46  Hatchery  
  15  0:50  Drone  
  15  1:04  Spawning Pool  
  15  1:07  Drone  
  15  1:10  Extractor  
  14  1:12  Drone  
  15  1:23  Drone  
  15  1:25  Drone  
  17  1:29  Drone  
  18  1:45  Drone  
  19  1:51  Queen  
  21  1:58  Drone, Queen  
  24  2:06  Overlord  
  24  2:09  Drone  
  24  2:12  Drone  
  26  2:15  Drone  
  26  2:20  Drone  
  28  2:25  Drone  
  29  2:30  Lair  
  29  2:36  Extractor  
  28  2:39  Drone  
  29  2:44  Drone  
  29  2:45  Drone x2  
  29  2:48  Metabolic Boost  
  32  2:52  Overlord  
  32  2:55  Drone, Extractor  
  32  3:05  Drone  
  33  3:09  Drone x3  
  33  3:12  Drone x2  
  38  3:13  Drone  
  38  3:16  Drone  
  40  3:23  Overlord  
  40  3:32  Spire  
  39  3:35  Zergling x4  
  39  3:36  Zergling x2  
  42  3:44  Drone x3, Extractor  
  42  3:45  Drone  
  45  3:57  Queen  
  47  4:05  Drone  
  48  4:12  Drone  
  49  4:17  Overlord x3  
  49  4:46  Mutalisk x6  
  49  4:47  Mutalisk  
  63  5:02  Mutalisk x2  
  63  5:04  Mutalisk x2  
  63  5:05  Mutalisk  
  73  5:07  Hatchery  
  72  5:17  Zerg Flyer Weapons Level 1  
  72  5:41  Drone x4  
  72  5:42  Overlord x3  
  76  5:55  Overlord  
  76  6:15  Mutalisk x4  
  76  6:16  Overlord x2  
  84  6:24  Overlord  
  84  6:26  Drone x3  
  84  6:28  Drone  
  88  6:39  Drone x2  
  90  6:40  Drone  
  91  6:59  Infestation Pit  
  91  7:01  Drone x3  
  91  7:02  Drone x3  
  91  7:03  Extractor  
  91  7:07  Extractor  
  94  7:15  Zerg Flyer Weapons Level 2  
  94  7:19  Zergling x10  
  94  7:20  Zergling x4  
  101  7:24  Evolution Chamber  
  101  7:27  Evolution Chamber  
  99  7:36  Zergling x6  
  99  7:37  Zergling x12  
  104  7:43  Overlord x2  
  108  7:45  Drone x3  
  108  7:47  Pneumatized Carapace  
  111  7:54  Zerg Melee Weapons Level 1  
  111  7:55  Zerg Ground Armor Level 1  
  111  8:00  Overlord x2  
  112  8:05  Zergling x4  
  112  8:06  Zergling x2  
  114  8:19  Zergling x10  
  120  8:20  Zergling x2  
  120  8:28  Mutalisk x3  
  120  8:33  Hive  
  126  9:00  Queen  
  128  9:09  Hatchery, Overlord x3  
  127  9:35  Zergling x4  
  127  9:36  Zergling x12  
  127  9:37  Zergling x14  
  127  9:38  Zergling x2  
  141  9:45  Adrenal Glands  
  141  9:49  Ultralisk Cavern  
  141  9:50  Overlord  
  140  9:58  Overlord  
  140  10:10  Zerg Melee Weapons Level 2, Zerg Ground Armor Level 2  
  140  10:30  Drone, Queen  
  143  10:38  Chitinous Plating  
  143  10:39  Ultralisk  
  143  10:40  Ultralisk x6  
  143  10:41  Ultralisk x2  
  197  10:45  Drone x2  
  199  11:17  Drone  
  200  11:20  Extractor  
  199  11:26  Drone, Extractor  
  199  11:45  Zergling x2  
  200  11:57  Anabolic Synthesis  
  169  12:27  Ultralisk  
  169  12:28  Ultralisk x6  
  169  12:29  Zergling x2  
  199  12:48  Zerg Melee Weapons Level 3  
  199  12:49  Zerg Ground Armor Level 3  
  199  13:14  Hatchery  
  198  13:24  Zergling x2  
  199  13:51  Zerg Flyer Weapons Level 3  
  193  14:27  Ultralisk  
  168  14:45  Ultralisk  
  168  14:46  Ultralisk x5  
  180  15:03  Ultralisk x3  
  180  15:04  Zergling x4  
  200  15:24  Extractor  
  200  15:27  Zergling x2  
  200  15:47  Overlord  
  200  15:51  Extractor  
  199  16:15  Zergling x2  
  179  16:54  Zergling x2  
  179  16:55  Zergling x16  
  179  16:56  Zergling x10  
Show
View Real Time Build Order
Export as new Build Order

Nyck Terran - Winner!

Build Orders:  

Get SALT Encoding   

  12  0:00  SCV  
  13  0:12  SCV  
  14  0:17  Supply Depot  
  14  0:25  SCV  
  15  0:39  SCV  
  15  0:40  Barracks  
  16  0:48  Refinery  
  16  0:51  SCV  
  17  1:03  SCV  
  18  1:15  SCV  
  19  1:26  Refinery  
  19  1:28  SCV  
  19  1:29  Barracks Tech Lab, Barracks  
  20  1:35  Supply Depot  
  20  1:41  SCV  
  21  1:48  Concussive Shells  
  21  1:55  Orbital Command  
  21  1:58  Marauder  
  23  2:03  Supply Depot  
  23  2:17  Barracks Tech Lab  
  23  2:22  Marauder  
  25  2:25  SCV  
  26  2:36  Marauder  
  28  2:37  SCV  
  28  2:43  Combat Shield  
  29  2:45  Stimpack  
  29  2:49  SCV  
  29  2:50  Marauder  
  32  3:01  Marauder  
  34  3:15  Command Center  
  34  3:25  Engineering Bay  
  34  3:30  Factory  
  33  3:46  Marauder x2  
  37  3:50  SCV  
  38  4:01  Terran Infantry Weapons Level 1  
  38  4:02  SCV  
  39  4:17  Supply Depot  
  39  4:19  Starport  
  39  4:22  Factory Reactor  
  39  4:38  SCV, Marine x2  
  42  4:50  SCV  
  43  4:56  Marine x2  
  45  5:00  Orbital Command  
  45  5:02  SCV  
  46  5:09  Refinery  
  46  5:11  Refinery  
  46  5:14  SCV, Marine x2  
  49  5:22  Engineering Bay  
  49  5:25  Armory  
  49  5:28  SCV  
  50  5:29  SCV  
  51  5:40  SCV  
  51  5:42  SCV  
  53  5:48  Marine x2  
  55  5:52  SCV  
  55  5:55  Command Center  
  56  6:06  Marine x2  
  56  6:08  Medivac  
  56  6:10  Medivac  
  62  6:35  Terran Infantry Weapons Level 2  
  62  6:36  Terran Infantry Armor Level 1  
  62  6:38  Terran Vehicle And Ship Armor Level 1  
  62  6:44  Supply Depot  
  62  6:55  Armory  
  62  7:05  SCV x2, Viking x2  
  62  7:06  Supply Depot  
  68  7:17  SCV x2  
  68  7:18  Marine x2  
  72  7:23  Factory Reactor  
  72  7:29  SCV x2  
  74  7:35  Viking  
  76  7:38  Viking  
  78  7:44  Orbital Command  
  78  7:48  SCV  
  78  7:49  SCV  
  80  7:51  Marine  
  80  7:52  Marine  
  82  8:00  SCV  
  82  8:01  SCV  
  82  8:04  Supply Depot  
  84  8:11  Starport, Viking x2  
  88  8:16  Terran Ship Weapons Level 1  
  88  8:19  SCV x3  
  91  8:31  SCV x3  
  91  8:33  Marine x2  
  96  8:34  Terran Vehicle And Ship Armor Level 2  
  96  8:43  SCV x3  
  96  8:48  Starport  
  99  8:49  Viking  
  99  8:51  Starport Reactor  
  99  8:54  Starport  
  101  9:03  Supply Depot  
  101  9:05  Terran Infantry Weapons Level 3  
  101  9:06  SCV x3, Terran Infantry Armor Level 2, Viking  
  101  9:08  Marine x2  
  108  9:18  SCV  
  108  9:19  Refinery  
  108  9:21  Refinery  
  109  9:25  SCV x2  
  109  9:26  Supply Depot  
  109  9:30  SCV  
  110  9:37  SCV x2  
  112  9:42  SCV  
  112  9:45  Marine x2  
  115  9:49  SCV x2  
  115  9:50  Viking x4  
  125  9:53  Starport Reactor  
  125  9:58  Viking x2  
  129  10:08  SCV x3  
  132  10:20  SCV x3, Viking x2  
  132  10:21  Viking x2  
  143  10:33  Viking x2  
  143  10:34  Viking  
  143  10:35  Terran Ship Weapons Level 2  
  149  10:38  Command Center  
  149  10:50  Supply Depot  
  149  10:55  Supply Depot  
  149  11:00  Terran Vehicle And Ship Armor Level 3  
  149  11:10  Viking  
  149  11:11  Viking x3  
  155  11:12  Viking x2  
  155  11:15  Supply Depot  
  155  11:17  Supply Depot  
  161  11:21  Viking x2  
  165  11:38  SCV  
  165  11:39  Supply Depot, SCV x2  
  168  11:42  Viking x4  
  168  11:45  Supply Depot  
  176  11:58  Command Center  
  176  11:59  Viking x3  
  176  12:00  Viking  
  184  12:02  Supply Depot  
  184  12:10  Terran Infantry Armor Level 3  
  185  12:30  SCV x3  
  185  12:32  Viking x4  
  185  12:33  Viking  
  197  12:42  SCV x2  
  199  13:24  Orbital Command  
  199  13:35  Command Center  
  133  14:27  Viking x6  
  133  14:28  Viking x2  
  149  14:32  Terran Ship Weapons Level 3  
  149  14:37  SCV x3  
  152  14:40  Refinery  
  152  14:42  Refinery  
  152  14:57  Viking x3  
  158  15:09  SCV x3  
  158  15:13  Viking  
  158  15:14  Viking x4  
  171  15:26  Orbital Command, Viking  
  171  15:27  Viking x2  
  177  15:41  Starport  
  177  15:43  Viking  
  177  15:44  Viking x4  
  177  15:47  Starport x2  
  187  15:56  SCV x2, Viking  
  191  16:02  Refinery  
  191  16:04  Refinery  
  191  16:05  SCV  
  191  16:08  SCV  
  191  16:09  SCV  
  194  16:15  Viking x3  
  200  16:24  Starport  
  200  16:25  Starport  
  200  16:26  Command Center  
  154  17:02  Starport  
Show
View Real Time Build Order
Export as new Build Order

Darkwolf Protoss 

Build Orders: 1 Gate Expand, Carriers 

Get SALT Encoding   

  12  0:00  Probe  
  13  0:16  Pylon  
  13  0:18  Probe (Chrono Boost)  
  14  0:28  Assimilator  
  14  0:31  Probe (Chrono Boost)  
  15  0:44  Gateway  
  15  0:55  Pylon  
  15  1:01  Gateway  
  15  1:07  Probe  
  16  1:19  Probe  
  17  1:31  Probe  
  18  1:39  Nexus  
  18  1:52  Cybernetics Core  
  18  1:59  Zealot  
  20  2:04  Probe  
  21  2:17  Pylon  
  21  2:22  Probe  
  22  2:31  Shield Battery  
  22  2:43  Gateway  
  22  2:49  Stargate  
  22  2:52  Shield Battery  
  22  2:54  Probe x2  
  22  2:55  Assimilator  
  24  3:05  Assimilator  
  24  3:06  Probe  
  24  3:08  Warp Gate  
  25  3:18  Probe  
  26  3:22  Probe  
  27  3:30  Probe  
  27  3:34  Probe  
  29  3:39  Void Ray (Chrono Boost)  
  33  3:42  Probe  
  34  3:59  Stalker x2  
  34  4:02  Shield Battery  
  38  4:08  Assimilator  
  38  4:11  Pylon  
  38  4:17  Stargate  
  38  4:20  Pylon  
  38  4:23  Probe  
  39  4:26  Probe  
  40  4:43  Shield Battery  
  40  4:50  Fleet Beacon  
  40  4:53  Probe  
  40  4:55  Probe  
  46  5:42  Carrier (Chrono Boost)  
  54  6:03  Forge  
  50  6:05  Nexus  
  50  6:08  Pylon  
  45  6:19  Pylon  
  45  6:31  Probe x2  
  47  6:37  Carrier  
  47  6:43  Probe x2  
  49  6:55  Probe x2  
  49  6:58  Pylon  
  51  7:07  Probe x2, Photon Cannon  
  51  7:08  Shield Battery  
  53  7:19  Probe  
  54  7:24  Carrier  
  60  7:43  Probe x2  
  61  7:50  Photon Cannon  
  61  7:51  Pylon  
  61  7:55  Pylon  
  61  7:57  Probe  
  61  7:58  Probe  
  63  8:04  Stalker  
  65  8:10  Probe x2  
  65  8:12  Stalker  
  69  8:23  Photon Cannon  
  69  8:27  Photon Cannon  
  69  8:32  Shield Battery  
  69  8:36  Pylon  
  66  8:51  Assimilator  
  66  8:52  Photon Cannon  
  66  8:54  Shield Battery  
  66  8:57  Probe  
  66  8:58  Probe  
  68  9:08  Shield Battery  
  68  9:19  Carrier (Chrono Boost)  
  74  9:26  Carrier (Chrono Boost)  
  74  9:30  Protoss Air Weapons Level 1  
  80  9:40  Cybernetics Core  
  80  9:43  Probe x2  
  82  9:54  Photon Cannon  
  82  9:55  Probe  
  83  10:13  Carrier (Chrono Boost)  
  83  10:20  Carrier (Chrono Boost)  
  95  10:32  Protoss Air Armor Level 1 (Chrono Boost)  
  95  10:42  Probe x2  
  97  10:54  Probe x2  
  99  11:02  Nexus  
  99  11:06  Probe  
  99  11:18  Pylon  
  99  11:25  Nexus  
  99  11:30  Pylon  
  99  11:36  Probe  
  99  11:37  Probe  
  107  11:44  Robotics Facility, Carrier (Chrono Boost)  
  107  11:49  Probe  
  107  11:50  Probe  
  109  12:00  Carrier (Chrono Boost)  
  109  12:01  Probe  
  110  12:02  Probe  
  117  12:18  Protoss Air Weapons Level 2  
  117  12:31  Observer  
  118  12:39  Protoss Air Armor Level 2, Stargate  
  118  12:42  Photon Cannon  
  118  12:43  Shield Battery  
  118  12:45  Pylon  
  118  12:46  Pylon  
  118  12:49  Observer  
  119  12:51  Tempest  
  119  12:58  Probe x3  
  126  13:03  Carrier  
  133  13:06  Shield Battery  
  133  13:08  Shield Battery  
  133  13:10  Probe x3, Photon Cannon  
  133  13:12  Assimilator  
  136  13:22  Probe x3  
  136  13:25  Photon Cannon  
  136  13:27  Shield Battery  
  139  13:34  Probe x2  
  139  13:35  Probe  
  142  13:46  Probe  
  142  13:47  Probe x2  
  145  13:57  Carrier  
  145  14:01  Carrier  
  138  14:08  Stalker x2  
  120  14:28  Carrier  
  126  14:34  Stalker x2  
  125  14:43  Observer  
  108  14:58  Probe  
  108  14:59  Probe x2  
  111  15:02  Carrier  
  111  15:05  Carrier  
  123  15:10  Probe  
  123  15:11  Probe x2  
  123  15:13  Assimilator  
  126  15:17  Shield Battery  
  126  15:20  Shield Battery  
  126  15:22  Probe  
  126  15:23  Probe x2  
  129  15:32  Carrier  
  129  15:34  Probe  
  129  15:35  Probe x2  
  138  15:39  Observer  
  139  15:46  Probe  
  140  15:53  Assimilator  
  140  15:58  Pylon  
  140  15:59  Gateway  
  140  16:01  Pylon  
  140  16:05  Tempest  
  140  16:07  Photon Cannon  
  140  16:08  Photon Cannon  
  145  16:16  Stalker  
  145  16:17  Stalker  
  90  17:02  Stalker  
  90  17:03  Stalker  
Show
View Real Time Build Order
Export as new Build Order

Laser Protoss 

Build Orders: Archon Immortal 

Get SALT Encoding   

  12  0:17  Probe  
  13  0:32  Pylon  
  13  0:33  Probe  
  14  0:45  Probe  
  15  0:50  Gateway  
  15  0:54  Assimilator  
  15  0:56  Gateway  
  15  0:57  Probe (Chrono Boost)  
  16  1:04  Assimilator  
  16  1:10  Probe (Chrono Boost)  
  17  1:14  Pylon  
  17  1:18  Probe  
  18  1:30  Probe  
  19  1:37  Cybernetics Core  
  19  1:42  Probe  
  20  1:55  Probe  
  21  2:07  Probe  
  22  2:13  Stalker  
  22  2:14  Stalker, Warp Gate  
  26  2:21  Pylon  
  26  2:41  Probe  
  26  2:43  Stalker  
  26  2:44  Stalker  
  31  2:54  Probe  
  32  3:06  Probe  
  33  3:18  Probe  
  34  3:20  Nexus  
  34  3:37  Stalker  
  34  3:38  Stalker  
  34  3:49  Probe  
  35  3:58  Robotics Facility  
  35  4:04  Probe  
  35  4:07  Pylon  
  36  4:16  Probe  
  37  4:20  Zealot  
  39  4:28  Zealot, Probe  
  42  4:33  Twilight Council  
  42  4:36  Probe  
  43  4:40  Probe (Chrono Boost)  
  43  4:43  Stalker  
  46  4:51  Probe (Chrono Boost)  
  48  4:53  Probe (Chrono Boost)  
  48  4:59  Observer  
  50  5:01  Probe (Chrono Boost)  
  50  5:02  Probe (Chrono Boost)  
  50  5:05  Probe (Chrono Boost)  
  52  5:17  Immortal  
  52  5:18  Zealot x2  
  52  5:19  Probe x2  
  62  5:34  Nexus  
  62  5:41  Assimilator  
  62  5:45  Assimilator  
  62  5:51  Pylon  
  62  5:59  Pylon  
  62  6:00  Pylon  
  62  6:03  Templar Archives  
  62  6:07  Forge  
  62  6:09  Probe x2  
  64  6:18  Stalker  
  64  6:21  Probe x2  
  68  6:27  Shield Battery  
  68  6:30  Stalker  
  70  6:33  Probe x2  
  70  6:38  Protoss Ground Weapons Level 1 (Chrono Boost)  
  72  6:44  Gateway, Immortal  
  72  6:45  Probe x2  
  72  6:46  Gateway  
  76  6:52  Probe  
  77  6:58  Probe x2  
  77  6:59  Photon Cannon  
  79  7:02  Shield Battery  
  79  7:04  Photon Cannon  
  79  7:10  Photon Cannon  
  79  7:14  Stalker x2  
  83  7:18  Probe x2  
  83  7:19  Probe  
  86  7:27  Shield Battery  
  86  7:30  Probe x2  
  88  7:44  Stalker x2  
  88  7:45  High Templar x2  
  88  7:49  Pylon  
  96  7:52  Shield Battery  
  96  7:54  Archon, Photon Cannon  
  96  7:57  Psionic Storm  
  96  7:58  Photon Cannon  
  96  8:00  Photon Cannon  
  96  8:01  Probe  
  96  8:02  Probe x2  
  99  8:07  Assimilator  
  99  8:10  Assimilator  
  99  8:11  High Templar x2  
  103  8:13  Probe  
  103  8:16  Archon  
  104  8:25  Assimilator  
  104  8:27  Photon Cannon  
  104  8:29  Photon Cannon  
  104  8:30  Shield Battery  
  104  8:32  Photon Cannon  
  104  8:33  Photon Cannon  
  104  8:34  Probe  
  104  8:35  Probe x2, Photon Cannon  
  107  8:45  High Templar  
  109  8:50  Pylon  
  109  8:52  Pylon  
  109  9:06  Pylon  
  109  9:08  Probe x3, Immortal  
  109  9:09  Pylon  
  116  9:12  Nexus  
  116  9:14  Pylon  
  116  9:23  Probe x3  
  111  9:35  High Templar, Probe  
  111  9:36  High Templar  
  116  9:38  Zealot x2  
  116  9:44  Probe x2  
  122  9:47  Probe  
  122  9:48  Immortal  
  127  9:56  Probe  
  127  9:57  Probe  
  127  9:59  Probe  
  130  10:14  Stargate  
  130  10:16  Assimilator, Protoss Ground Weapons Level 2, Stargate  
  130  10:17  Assimilator  
  130  10:18  High Templar x2  
  134  10:22  High Templar x2  
  134  10:23  Archon  
  134  10:26  Archon  
  138  10:29  Probe x4  
  138  10:35  Pylon  
  142  10:37  Photon Cannon  
  142  10:38  Photon Cannon  
  142  10:40  Photon Cannon  
  142  10:42  Shield Battery  
  142  10:44  Shield Battery  
  142  10:50  Immortal  
  146  11:07  Protoss Air Weapons Level 1  
  146  11:14  High Templar x2  
  146  11:15  High Templar x2  
  154  11:24  Photon Cannon  
  154  11:25  Photon Cannon  
  154  11:28  Pylon  
  154  11:32  Photon Cannon  
  154  11:33  Photon Cannon  
  154  11:37  Shield Battery  
  162  11:40  Photon Cannon  
  162  11:42  Photon Cannon  
  162  11:44  Void Ray x2  
  162  11:48  Fleet Beacon, Sentry  
  162  11:49  Sentry x2  
  162  11:50  Pylon  
  162  11:53  Pylon  
  168  11:55  Pylon  
  168  11:59  Photon Cannon  
  168  12:00  Photon Cannon  
  168  12:01  Shield Battery  
  168  12:04  High Templar  
  168  12:07  Immortal  
  174  12:13  Stargate  
  174  12:15  Stargate  
  174  12:19  Archon  
  180  12:31  High Templar x2  
  180  12:34  High Templar  
  180  12:35  Archon, Void Ray x2  
  186  12:37  Archon  
  186  12:46  Immortal  
  190  13:05  Protoss Ground Weapons Level 3  
  190  13:13  Flux Vanes  
  190  13:24  Protoss Air Weapons Level 2  
  190  13:26  Immortal  
  194  13:42  Carrier  
  192  14:36  Void Ray x3  
  158  14:52  Void Ray  
  146  14:53  High Templar x4  
  146  14:56  Immortal  
  158  15:17  Nexus  
  158  15:19  Pylon  
  158  15:23  Pylon  
  158  15:27  Pylon  
  158  15:36  Immortal  
  158  15:37  Pylon  
  158  15:40  Pylon  
  177  16:01  Carrier x4  
  177  16:04  High Templar x4  
  190  16:08  Archon x2  
  194  16:22  Photon Cannon  
  111  16:57  High Templar x3  
  111  16:59  High Templar  
  111  17:01  Archon  
  119  17:03  Archon  
  119  17:06  Probe x2  
  119  17:07  Probe  
Tags
 
Add a new tag
Caveats
  • Supply blocks, unpowered buildings, or Contaminate may cause inaccurate times.
  • Supply counts are checked every 10 seconds.